Description

WCS Global Finals 2019 - Maru vs Stats on Disco Bloodbath

On 15 limit make a scout, after this go to Proxy Location, or to home and make starport on the main base.

Replay - Maru v Stats: Game 1 - Disco Bloodbath LE

Build Order

Get SALT Encoding   

  12  0:00  SCV  
  13  0:13  SCV  
  14  0:17  Supply Depot  
  14  0:25  SCV  
  15  0:38  SCV  
  15  0:39  Barracks  
  16  0:43  Refinery  
  16  0:50  SCV  
  17  1:02  SCV  
  18  1:15  SCV  
  19  1:26  Marine  
  19  1:27  Orbital Command  
  20  1:39  Command Center  
  20  1:52  SCV  
  21  1:54  Factory  
  21  2:02  Barracks Reactor  Swap Factory and Barracks
  21  2:04  SCV  
  21  2:07  Supply Depot  
  22  2:12  Refinery  
  22  2:16  SCV  
  24  2:41  Starport  Proxy Location, or not.
  24  2:45  Hellion x2  
  24  2:50  Orbital Command  
  30  3:00  Barracks Tech Lab  Swap Factory and Barracks Again
  30  3:06  Hellion x2  
  35  3:18  Medivac  
  38  3:22  Supply Depot  
  40  3:34  Siege Tank  
  40  3:36  Marine x2  
  46  3:45  Supply Depot  
  48  4:00  Marine x2  
  50  4:06  Cyclone  
  49  4:19  Marine x2  
  54  4:30  Command Center  
  54  4:35  Supply Depot  
  56  4:44  Refinery  
  58  4:53  Barracks x2, Stimpack  
  56  5:02  Marine  
  56  5:05  Engineering Bay x2  
  58  5:09  Factory Tech Lab  
  61  5:27  Barracks  
  62  5:30  Refinery  
  62  5:33  Barracks  
Spawning Tool Build Advisor. Get it on Overwolf

Analysis

Yeah, Maru made this build for play it against Protoss, but you can play this versus Zerg too.

It's working very bad versus Terran because we dont have reaper in the beginning.

Go to:

Details

  • Created by: MaXGrig 
  • Published on: Nov 07, 2019
  • Modified on: Nov 16, 2019
  • Patch: 4.7.1
Show
View Real Time Build Order
Export as new Build Order

Comments (0)

There are no comments. Be the first!

Create an account to comment!